Map: Ley Lines

Players

Imperius - Winner!

  • Race: Terran Terran
  • Spawn Location: 1:00

VOD

Have the link to the VOD?

Description

Time

  • Played on: April 28, 2025, 1:29 p.m.
  • Length: 15:49
Show
View Real Time Build Order
Export as new Build Order

Imperius Terran - Winner!

Build Orders:  

Get SALT Encoding   

  12  0:05  SCV  
  13  0:28  SCV  
  14  0:30  Supply Depot  
  14  0:45  SCV  
  14  0:49  Refinery  
  15  1:02  SCV  
  16  1:14  Barracks  
  16  1:19  SCV  
  17  1:36  SCV  
  18  1:53  SCV  
  19  2:09  SCV  
  20  2:24  Supply Depot  
  20  2:26  SCV  
  21  2:45  Refinery  
  21  2:55  Barracks Reactor  
  21  3:11  Barracks  
  21  3:17  SCV  
  22  3:34  SCV  
  23  4:00  Orbital Command  
  23  4:14  Marine x2  
  25  4:20  Barracks Reactor  
  25  4:33  Factory  
  25  4:39  Marine x2  
  27  4:40  SCV  
  28  5:04  Marine x2  
  30  5:20  Command Center  
  30  5:25  Marine  
  31  5:39  Supply Depot  
  31  6:09  Marine x4  
  35  6:11  Supply Depot  
  35  6:27  Starport  
  35  6:34  Marine x4  
  39  6:41  SCV  
  40  6:56  Supply Depot  
  40  6:58  Marine x2, SCV  
  40  6:59  Marine x2  
  45  7:15  SCV  
  46  7:23  Marine x2  
  46  7:27  Supply Depot  
  46  7:29  SCV  
  49  7:32  SCV  
  50  7:46  SCV  
  50  7:49  SCV  
  52  8:03  SCV  
  52  8:06  SCV  
  54  8:14  Marine x3  
  54  8:15  Marine  
  58  8:20  SCV  
  58  8:23  Command Center, SCV  
  58  8:24  Starport Reactor  
  60  8:37  SCV  
  60  8:38  Starport  
  60  8:39  Marine x3  
  64  8:40  Marine, SCV  
  66  9:04  Marine x4  
  70  9:12  Refinery  
  70  9:26  SCV  
  70  9:29  Marine x4  
  75  9:43  SCV  
  76  9:54  Marine x2  
  78  10:03  Marine x2, SCV, Medivac x3  
  87  10:18  Marine  
  87  10:19  Marine, SCV  
  89  10:27  Marine  
  89  10:28  Marine  
  92  10:36  SCV  
  93  10:56  Supply Depot  
  93  11:26  Marine x2, Medivac x3  
  93  11:28  Supply Depot  
  101  11:58  Marine x2  
  101  11:59  Marine x2  
  105  12:01  Supply Depot  
  105  12:07  Medivac  
  105  12:08  Medivac  
  109  12:31  Marine x4, SCV, Medivac  
  109  12:33  Supply Depot  
  116  12:48  SCV  
  116  12:56  Marine  
  117  13:03  Marine x3, Medivac x2  
  117  13:05  SCV, Supply Depot  
  125  13:14  Medivac  
  121  13:21  Marine  
  121  13:22  SCV  
  121  13:28  Marine  
  123  13:39  SCV  
  124  13:45  Medivac x2  
  128  13:56  Medivac  
  130  14:27  Medivac  
Tags
 
Matchup
Co-op
Add a new tag
Caveats
  • Supply blocks, unpowered buildings, or Contaminate may cause inaccurate times.
  • Supply counts are checked every 10 seconds.